 Dungeon Crawl Stone Soup version 0.29.1-2-gbd0b4ee654 (webtiles) character file.

Game seed: 4181414860087248397

52 Icepheonix32 the Grave Robber (level 3, -1/19 HPs)
             Began as a Deep Elf Necromancer on Oct 31, 2022.
             Slain by a frilled lizard (3 damage)
             ... on level 2 of the Dungeon.
             The game lasted 00:02:16 (2305 turns).

Icepheonix32 the Grave Robber (DENe)                Turns: 2305, Time: 00:02:17

Health: -1/19      AC:  2    Str:  5    XL:     3   Next: 60%
Magic:  7/9        EV: 12    Int: 21    God:
Gold:   62         SH:  0    Dex: 15    Spells: 7/8 levels left

rFire   . . .      SeeInvis .   m - +0 dagger (pain)
rCold   . . .      Faith    .   (no shield)
rNeg    . . .      Spirit   .   a - +0 robe
rPois   .          Reflect  .   (no helmet)
rElec   .          Harm     .   (no cloak)
rCorr   .          Rampage  .   (no gloves)
Will    .....                   (no boots)
Stlth   ++........              (no amulet)
HPRegen 0.06/turn               (no ring)
MPRegen 0.11/turn               (no ring)

@: mighty, attractive, very slightly contaminated
A: no striking features
a: no special abilities


You were on level 2 of the Dungeon.
You visited 1 branch of the dungeon, and saw 3 of its levels.

You collected 62 gold pieces.

Inventory:

Hand Weapons
 m - a +0 dagger of pain (weapon)
Armour
 a - a +0 robe (worn)
 r - a +3 ring mail
Jewellery
 p - an amulet of faith
Scrolls
 d - a scroll of teleportation {unknown}
 g - 7 scrolls of identify {unknown}
 h - 2 scrolls of magic mapping {unknown}
 q - a scroll of torment {unknown}
Potions
 b - a potion of magic
 f - a potion of degeneration {unknown}
 i - a potion of haste {unknown}
 j - a potion of heal wounds {unknown}
 n - a potion of mutation {unknown}
 o - a potion of curing {unknown}
 s - a potion of cancellation {unknown}


   Skills:
 * Level 0.1 Armour
 - Level 2.4 Dodging
 - Level 2.4 Stealth
 - Level 3.0 Spellcasting
 + Level 6.4 Necromancy


You had 7 spell levels left.
You knew the following spells:

 Your Spells              Type           Power      Damage    Failure   Level
a - Necrotise             Necr           100%       1d9       1%          1

Your spell library contained the following spells:

 Spells                   Type           Power      Damage    Failure   Level
 Vampiric Draining        Necr           30%        2d8       2%          3
 Animate Dead             Necr           30%        N/A       10%         4
 Agony                    Necr           30%        N/A       26%         5


Dungeon Overview and Level Annotations

Branches:
Dungeon (3/15)

Altars:


Message History

The orc hits you with a +0 short sword.
There is a stone staircase leading up here.
The frilled lizard closely misses you. The orc closely misses you. x2
The orc hits you from afar with a +0 trident.
You climb upwards.
There is a stone staircase leading down here.
Unknown command.
You miscast Necrotise.
You are very lightly contaminated with residual magic.
Nothing appears to happen.
The frilled lizard barely misses you. The orc hits you with a +0 short sword.
The orc barely misses you.
You are too injured to fight recklessly!
You are too injured to fight recklessly!
Unknown command.
It was a potion of attraction.
You feel attractive to monsters. The frilled lizard misses you.
The orc barely misses you. The orc hits you but does no damage.
Casting: Necrotise (safe; 1% risk of failure)
Confirm with . or Enter, or press ? or * to list all spells.
Aiming: Necrotise (safe; 1% risk of failure)
Press: ? - help, Shift-Dir - straight line, f/p - orc
Aim: an orc, wielding a +0 short sword, wearing a +0 leather armour and quivering boomerangs (chance to affect: 93%)
The orc writhes in agony.
The frilled lizard closely misses you. The orc hits you with a +0 short sword.
* * * LOW HITPOINT WARNING * * *
The orc hits you with a +0 short sword.
* * * LOW HITPOINT WARNING * * *
It was a potion of might.
You feel very mighty all of a sudden. The frilled lizard barely misses you.
The orc closely misses you. x2
You closely miss the orc.
The orc is moderately wounded.
The frilled lizard completely misses you.
The orc barely misses you. The orc closely misses you.
Unknown command.
You puncture the orc!
You kill the orc!
The frilled lizard bites you.
You die...

### #.....# ##.# #..........
..# ####..# #..# ###.#.###.#
#.# #..# #.#######.###...## #.#
#..# #.#........#.###.#
#.########..####.#.#######.##
##.
#.........>........#######.# ##
##########..####.##........# #
#...........# #l#...#####.#
#.########.#####@.....####.####
..# #.....).o)...........# #.#
##########.....####.##.# #.#
#...................##.# #.#
####.#########...#####.##.###
#.# #.......# ##.## #.......
#.# #.......# #.# ####.###
#.###.......#######.# #....
#..............)....# #####


You could see an orc and a frilled lizard.

Vanquished Creatures
  A worm (D:2)
  4 dart slugs (D:1)
  2 orcs
  5 ball pythons
  2 endoplasms (D:1)
  A giant cockroach (D:2)
  5 goblins
  3 hobgoblins
  A quokka (D:1)
  7 bats
  3 frilled lizards
  4 kobolds
  A rat (D:1)
39 creatures vanquished.

Vanquished Creatures (collateral kills)
  A goblin (D:2)
1 creature vanquished.

Vanquished Creatures (others)
  4 toadstools (D:1)
4 creatures vanquished.

Grand Total: 44 creatures vanquished

Notes
Turn   | Place    | Note
-------+----------+-------------------------------------------
     0 | D:1      | Icepheonix32 the Deep Elf Necromancer began the quest for
                  | the Orb.
     0 | D:1      | Reached XP level 1. HP: 10/10 MP: 6/6
    40 | D:1      | Reached skill level 5 in Necromancy
   183 | D:1      | Reached XP level 2. HP: 15/15 MP: 4/8
   808 | D:1      | Reached skill level 6 in Necromancy
   942 | D:1      | Reached XP level 3. HP: 19/19 MP: 5/9
  2305 | D:2      | Slain by a frilled lizard

Illustrated notes

Levels and vault maps discovered:
D:1:      ldierk_water_garden, layout_basic, nicolae_eternal_life,
          interstate_on_off, chequers_big_river, minmay_pentomino_t2
D:2:      layout_loops_ring
D:3:      layout_loops_corners, mainiacjoe_overflow_alcove_4, marbit_many_paths,
          gammafunk_temple_overflow_elements, gammafunk_ghost_smash,
          basic_ecumenical_altar, chequers_serial_rivers_small_b

Skill      XL: |  1  2 |
---------------+-------+-----
Necromancy     | 5 6 |  6.4
Armour         | |  0.1
Dodging        | |  2.4
Stealth        | |  2.4
Spellcasting   | |  3.0

Action                   || total
-------------------------++-------
Melee: Unarmed           ||     1
       Club              ||     3
       Dagger            ||     6
 Cast: Necrotise         ||    64
  Use: Potion            ||     2
Armor: Robe              ||     5
Dodge: Dodged            ||    29
